 Dungeon Crawl Stone Soup version 0.17-a0-2098-gf59d6bc (webtiles) character file.

345 4thArraOfDagon the Cudgeler (level 6, -2/67 HPs)
             Began as an Ogre Hunter on Oct 17, 2015.
             Killed from afar by an orc wizard (6 damage)
             ... with a magic dart
             ... on level 6 of the Dungeon.
             The game lasted 00:04:41 (658 turns).

4thArraOfDagon the Cudgeler (Ogre Hunter)            Turns: 658, Time: 00:04:41

Health: -2/67      AC:  3    Str: 18      XL:     6   Next: 58%
Magic:  6/6        EV:  9    Int:  9 (12) God:
Gold:   42         SH:  0    Dex:  8 (10) Spells: 0 memorised, 5 levels left

rFire  . . .     SeeInvis .     l - +0 club
rCold  . . .     Clarity  .     d - +0 robe
rNeg   + . .     SustAt   .     (no shield)
rPois  .         Gourm    .     (helmet restricted)
rElec  .         Spirit   .     (no cloak)
rCorr  .         Warding  .     (gloves unavailable)
rMut   .         Stasis   .     (boots unavailable)
MR     .....                    (no amulet)
Stlth  +.........               (no ring)
                                f - ring of positive energy

@: not resistant to hostile enchantments, very unstealthy
A: unfitting armour, tough skin 1
a: no special abilities


You were on level 6 of the Dungeon.
You were not hungry.

You visited 1 branch of the dungeon, and saw 7 of its levels.

You collected 42 gold pieces.

Inventory:

Hand Weapons
 l - a +0 club (weapon)
Missiles
 a - 3 large rocks
 r - 2 throwing nets (quivered)
Armour
 d - a +0 robe (worn)
Jewellery
 f - a ring of positive energy (left hand)
Wands
 m - a wand of draining (0)
Scrolls
 b - 2 scrolls of remove curse
 c - 2 scrolls of amnesia {unknown}
 o - 2 scrolls of teleportation
 q - a scroll of enchant armour {unknown}
Potions
 g - a potion of invisibility {unknown}
 h - a potion of degeneration
 i - a potion of might
 j - a potion of agility {unknown}
 k - a potion of cancellation {unknown}
 p - a potion of lignification {unknown}
Comestibles
 e - 4 bread rations
 n - a meat ration


   Skills:
 + Level 5.9 Fighting
 * Level 6.4 Maces & Flails
 - Level 4.0 Throwing
 - Level 1.7 Dodging
 - Level 0.7 Stealth


You had 5 spell levels left.
You didn't know any spells.

Dungeon Overview and Level Annotations

Branches:
Dungeon (7/15)
 Temple: D:4-7

Altars:


Innate Abilities, Weirdness & Mutations

You are too large for most types of armour.
You have tough skin (AC +1).


Message History

Unknown command.
The orc closely misses you.
The phantom blinks!
Unknown command.
The phantom blinks!
Unknown command.
The orc wizard gestures wildly while chanting.
The orc wizard seems to speed up.
Evoke which item? (* to show all) (? for menu, Esc to quit)
Zapping:
m - a wand of draining {zapped: 10} (will waste charges)
Press: ? - help, Shift-Dir - straight line, f - orc wizard
Aim: an orc wizard, wielding a dagger and wearing a robe (fast) Nothing appears to happen.
The orc hits you with a mace of protection.
* * * LOW HITPOINT WARNING * * *
Unknown command.
Unknown command.
Unknown command.
The orc wizard gestures at you while chanting.
The magic dart hits you!
You die...

### ##>.#.........
###..#####.........##
#......WooW.........#
#......###...........##
###....# ###...........
##..## ##.....##...
#..o# #....ยง#...#
#.#.# ####......#
#..#@# #........
...##.# ...#..). #...
#.# ##[#..##. #...
..########....###. #...
#...........###... #..
#.#####........... #..
#...........#
##.###...........#
#..#............##


You could see an orc wizard.

Vanquished Creatures
  An orc warrior (D:6)
  A centaur (D:6)
  A quasit (D:5)
  A jelly (D:5)
  An orc priest (D:6)
  Natasha (D:2)
  A worker ant (D:6)
  2 adders (D:2)
  An orc (D:6)
  A bat (D:1)
  A goblin (D:1)
  3 hobgoblins
  3 jackals (D:6)
  2 kobolds
  A ball python (D:6)
  2 giant cockroaches (D:1)
  2 giant newts
  A rat (D:1)
26 creatures vanquished.

Notes
Turn   | Place    | Note
--------------------------------------------------------------
     0 | D:1      | 4thArraOfDagon the Ogre Hunter began the quest for the Orb.
     0 | D:1      | Reached XP level 1. HP: 22/22 MP: 1/1
   128 | D:1      | Reached XP level 2. HP: 20/32 MP: 2/2
   202 | D:2      | Noticed Natasha
   204 | D:2      | Killed Natasha
   204 | D:2      | Reached XP level 3. HP: 21/39 MP: 3/3
   329 | D:2      | Reached XP level 4. HP: 37/49 MP: 4/4
   380 | D:3      | You fall through a shaft for 2 floors!
   380 | D:5      | Entered Level 5 of the Dungeon
   465 | D:5      | Reached XP level 5. HP: 41/55 MP: 5/5
   537 | D:6      | Noticed a centaur
   539 | D:6      | Killed a centaur
   539 | D:6      | Reached skill level 5 in Fighting
   539 | D:6      | Reached skill level 5 in Maces & Flails
   542 | D:6      | Noticed an orc warrior
   560 | D:6      | Killed an orc warrior
   560 | D:6      | Reached skill level 6 in Maces & Flails
   560 | D:6      | Reached XP level 6. HP: 11/67 MP: 6/6
   635 | D:7      | Noticed a hippogriff
   642 | D:6      | Noticed a phantom
   653 | D:6      | HP: 3/67 [orc/mace of protection (4)]
   658 | D:6      | Killed from afar by an orc wizard

Vault maps used:
D:1:      dpeg_arrival_pond
D:2:      ashenzari_altar_1, uniq_natasha
D:3:      kennysheep_the_goblin_king, lemuel_round_altar,
          hangedman_abyss_or_decor_lesser_grid
D:4:      minmay_temple_entry_statues, grunt_gozag_breadcrumbs
D:5:      yredelemnul_altar_generic, lemuel_doored_altar, basic_altar,
          first_bread
D:6:      kiku_gazebo_garden_becter, led_sif_book
D:7:      nicolae_ru_the_path_less_chosen, tso_metal_star, elyvilon_altar_5

Action                   |  1- 3 |  4- 6 || total
-------------------------+-------+-------++-------
Melee: Short sword       |    44 |       ||    44
       Club              |       |    26 ||    26
Throw: Large rock        |    24 |     9 ||    33
       Throwing net      |       |     6 ||     6
Evoke: Wand              |       |     4 ||     4
  Use: Scroll            |     2 |     1 ||     3
       Potion            |       |     2 ||     2
 Stab: Sleeping          |     1 |       ||     1
